 Dungeon Crawl Stone Soup version 0.30-a0-862-g1aabd4f9c5 (webtiles) character file.

Game seed: 10931408995056899511

88 Mickster the Cudgeller (level 4, -5/44 HPs)
             Began as a Troll Berserker on Mar 8, 2023.
             Was a Believer of Trog.
             Slain by Terence
             ... wielding a +0 hand axe
              (6 damage)
             ... on level 2 of the Dungeon.
             The game lasted 00:13:06 (1102 turns).

Mickster the Cudgeller (Troll Berserker)            Turns: 1102, Time: 00:13:07

Health: -5/44      AC:  5    Str: 25    XL:     4   Next: 30%
Magic:  3/3        EV: 10    Int:  3    God:    Trog [**....]
Gold:   57         SH:  0    Dex: 11    Spells: 3/3 levels left

rFire   + . .      SeeInvis .    a - +0 mace
rCold   . . .      Faith    .    (no shield)
rNeg    . . .      Spirit   .    b - +1 animal skin
rPois   .          Reflect  .    (helmet restricted)
rElec   .          Rampage  .    (no cloak)
rCorr   .                        (gloves unavailable)
Will    .....                    (boots unavailable)
Stlth   +                        (no amulet)
HPRegen 1.07/turn                l - ring of protection from fire
MPRegen 0.08/turn                (no ring)

@: confused
A: large, unfitting armour, claws 3, regeneration 1, shaggy fur 1, tough skin 1
a: Renounce Religion, Berserk, Trog's Hand


You were on level 2 of the Dungeon.
You worshipped Trog.
Trog was pleased with you.
You visited 1 branch of the dungeon, and saw 2 of its levels.

You collected 57 gold pieces.

Inventory:

Hand Weapons
 a - a +0 mace (weapon)
 i - a +0 spear
 j - a +0 sling
Missiles
 d - 7 stones
 f - 3 javelins (quivered)
Armour
 b - a +1 animal skin (worn)
 e - a +0 scale mail
 g - a +0 ring mail
Jewellery
 l - a ring of protection from fire (left claw)
Scrolls
 c - a scroll of enchant armour


   Skills:
 + Level 2.9 Fighting
 * Level 3.9 Maces & Flails
 + Level 2.9 Dodging


You had 3 spell levels left.
You didn't know any spells.
Your spell library was empty.

Dungeon Overview and Level Annotations

Branches:
Dungeon (2/15)

Altars:

Annotations:
D:2 Jessica, Terence


Innate Abilities, Weirdness & Mutations

You are too large for most types of armour.
You have claws for hands.
Your natural rate of healing is unusually fast.
You are covered in fur. (AC +1)
You have tough skin. (AC +1)


Message History

You closely miss the orc priest.
The orc priest is heavily wounded.
An orc wizard appears from thin air!
Reactivating autopickup.
The orc priest hits you with a +0 hand axe.
The orc wizard hits you but does no damage.
You barely miss the orc priest.
The orc priest is heavily wounded.
The orc priest hits you with a +0 hand axe.
The orc wizard gestures at you while chanting.
The magic dart hits you.
You sock the orc priest!
You kill the orc priest!
Trog accepts your kill.
The orc wizard gestures wildly while chanting.
The orc wizard flickers and vanishes!
Deactivating autopickup; reactivate with Ctrl-A.
Terence hits you with a +0 hand axe. Something hits you but does no damage.
You have reached level 4!
You closely miss something.
You float gracefully downwards.
Jessica mumbles some strange words.
Jessica blinks!
You hear some strange, mumbled words.
You are more confused.
Terence hits you with a +0 hand axe.
You miss something. Terence completely misses you.
Something hits you but does no damage.
You bump into the rock wall.
Terence closely misses you. Something hits you.
You completely miss something. Terence barely misses you.
Something hits you but does no damage.
You bump into the rock wall.
Something hits you. Terence hits you with a +0 hand axe!
* * * LOW HITPOINT WARNING * * *
You completely miss something. Something hits you but does no damage.
Terence hits you with a +0 hand axe.
* * * LOW HITPOINT WARNING * * *
You completely miss Terence. Something hits you.
* * * LOW HITPOINT WARNING * * *
Terence hits you with a +0 hand axe.
You die...

#...#. ##
##...#####
......@@@#
.......#{#
.~...~.#.#
#.#
.......#.#
#.#
.......#.#
#.#
.......#.#
#.#
.~o.o~o#.#
#.#
...oo..#.#
#.# #.#
####.#####


You could see Terence and Jessica.

Vanquished Creatures
  An orc priest (D:2)
  2 adders (D:2)
  A worm (D:2)
  3 orcs (D:2)
  5 endoplasms
  2 giant cockroaches (D:1)
  2 goblins
  2 hobgoblins
  A quokka (D:1)
  5 ball pythons
  3 frilled lizards
  4 kobolds (D:1)
  5 rats
36 creatures vanquished.

Notes
Turn   | Place    | Note
-------+----------+-------------------------------------------
     0 | D:1      | Mickster the Troll Berserker began the quest for the Orb.
     0 | D:1      | Reached XP level 1. HP: 22/22 MP: 0/0
   108 | D:1      | Reached XP level 2. HP: 29/29 MP: 1/1
   501 | D:1      | Reached skill level 3 in Maces & Flails
   750 | D:2      | Found a faded altar of an unknown god.
   775 | D:2      | Reached ** piety under Trog
   880 | D:2      | Reached XP level 3. HP: 36/36 MP: 2/2
  1051 | D:2      | Noticed Jessica
  1061 | D:2      | Noticed Terence
  1096 | D:2      | Reached XP level 4. HP: 15/44 MP: 3/3
  1102 | D:2      | HP: 1/44 [something (4)]
  1102 | D:2      | Slain by Terence

Illustrated notes

Levels and vault maps discovered:
D:1:      saegor_arrival_simple_e, layout_loops_cross
D:2:      cheibrodos_pilgrimage, layout_basic,
          ebering_ecumenical_altar_sacrificial, minmay_misc_feat_more_columns,
          uniq_jessica, uniq_terence

Skill      XL: |  1  2 |
---------------+-------+-----
Maces & Flails | 3 |  3.9
Fighting       | |  2.9
Dodging        | |  2.9

Action                     |  1- 3 |  4- 6 || total
---------------------------+-------+-------++-------
  Melee: Mace              |   116 |     5 ||   121
    Use: Scroll            |     6 |       ||     6
         Potion            |     6 |       ||     6
   Stab: Sleeping          |     1 |       ||     1
 Armour: Animal skin       |    48 |     3 ||    51
  Dodge: Dodged            |    65 |     3 ||    68

Table legend: (Time is in decaauts)
 A = Elapsed time spent in this place.
 B = Non-inter-level travel time spent in this place.
 C = Inter-level travel time spent in this place.
 D = Time resting spent in this place.
 E = Time spent auto-exploring this place.
 F = Levels seen in this place.
 G = Mean time per level.
                   A        B        C        D        E       F      G
               +--------+--------+--------+--------+--------+-----+--------+
         Total |   1130 |   1127 |      3 |    143 |      0 |   2 |  565.0 |
       Dungeon |   1130 |   1127 |      3 |    143 |      0 |   2 |  565.0 |
               +--------+--------+--------+--------+--------+-----+--------+

Top non-repeatable levels by time:
     D:1: 743 daAuts
     D:2: 387 daAuts
